 Dungeon Sprint DCSS version 0.27-a0-394-g49c82dfaf2 (webtiles) character file.

Game seed: 10652424258818150490

259 mhtbhm the Blocker (level 5, -4/53 HPs)
             Began as a Minotaur Fighter on Feb 20, 2021.
             Was an Elder of Trog.
             Killed by nerve-wracking pain
             ... invoked by an orc priest
              (12 damage)
             ... in the Dungeon (Sprint VII: "The Pits").
             The game lasted 00:00:46 (391 turns).

mhtbhm the Blocker (Minotaur Fighter)                Turns: 391, Time: 00:00:47

Health: -4/53      AC: 11    Str: 22    XL:     5   Next: 94%
Magic:  4/4        EV:  9    Int:  5    God:    Trog [****..]
Gold:   0          SH: 11    Dex:  9    Spells: 4/4 levels left

rFire    . . .     SeeInvis .   a - +1 hand axe (vorpal)
rCold    . . .     Faith    .   c - +0 kite shield
rNeg     . . .     Spirit   .   b - +3 scale mail
rPois    .         Reflect  .   (helmet restricted)
rElec    .         Harm     .   (no cloak)
rCorr    .         Rampage  .   (no gloves)
Will     .....     NoTele   +   (no boots)
Stlth    ..........             (no amulet)
HPRegen  0.17/turn              (no ring)
MPRegen  0.09/turn              (no ring)

@: berserk cooldown, slowed, very slow
A: retaliatory headbutt, horns 2
a: Renounce Religion, Berserk, Trog's Hand, Brothers in Arms


You were in the Dungeon.
You worshipped Trog.
Trog was greatly pleased with you.
You visited 1 branch

Inventory:

Hand Weapons
 a - a +1 vorpal hand axe (weapon)
Armour
 b - a +3 scale mail (worn)
 c - a +0 kite shield (worn)
Scrolls
 j - a scroll of blinking
 l - a scroll of summoning
Potions
 d - a potion of might
 e - 6 potions of curing
 f - 6 potions of heal wounds
 g - a potion of haste
 h - 4 potions of magic
 i - 3 potions of berserk rage
 k - 2 potions of invisibility


   Skills:
 + Level 7.9 Fighting
 + Level 6.7 Axes
 + Level 8.4 Armour
 + Level 2.0 Dodging
 + Level 8.8 Shields


You had 4 spell levels left.
You didn't know any spells.
Your spell library was empty.

Dungeon Overview and Level Annotations

Branches:
Dungeon (1/1)

Altars:
Cheibriados
Dithmenos
Elyvilon
Fedhas
Gozag
Hepliaklqana
Makhleb
Nemelex Xobeh
Okawaru
Qazlal
Ru
Sif Muna
Trog
Vehumet
Wu Jian
Xom
Yredelemnul
Zin
The Shining One
Beogh
Jiyva
Lugonu

Annotations:
D Purgy


Innate Abilities, Weirdness & Mutations

You reflexively headbutt those who attack you in melee.
You have a pair of horns on your head.


Message History

You kill the orc!
Trog accepts your kill.
You can now call in reinforcements.
You hit the warg. The warg closely misses you.
Unknown command.
You slash the orc wizard!
You kill the orc wizard!
Trog accepts your kill.
Trog appreciates your killing of a magic user.
You hit the warg but do no damage. You block the warg's attack.
Your Fighting skill increases to level 7!
The orc priest miscasts a cantrip.
You block the warg's attack.
Items here: )))) [[ ††.
Unknown command.
You feel a strong urge to attack something.
The orc priest mumbles some strange prayers to Beogh against you.
Beogh smites you!
The orc warrior hits you with a +0 hand axe!
* * * LOW HITPOINT WARNING * * *
Unknown command.
You closely miss the orc warrior.
Unknown command.
You slash the orc warrior! You headbutt the orc warrior!
You kill the orc warrior!
Trog accepts your kill.
You hit the warg but do no damage.
You are no longer berserk.
You are exhausted.
You feel yourself slow down. You block the warg's attack.
The orc priest miscasts a cantrip.
Your Axes skill increases to level 6!
Your Armour skill increases to level 8!
Your Dodging skill increases to level 2!
Your Shields skill increases to level 8!
You hit the orc priest but do no damage.
Your headbutt misses the orc priest. You hit the warg but do no damage.
The warg bites you.
* * * LOW HITPOINT WARNING * * *
The orc priest invokes the aid of Beogh against you.
Pain shoots through your body!
You die...

#.#))#.....##.....
#.#..###'####.....
#.##'#.†††.##...<.
#.#........##.....
#.#........##.....
#'###########.....
#o..h...# ######
#h###o..# #@# .#
#o# #T. #o.. #....
######


You could see Purgy, a warg, 2 orc priests and an orc.

Vanquished Creatures
  A sky beast (D)
  An orc warrior (D)
  2 orc wizards (D)
  An ooze (D)
  3 orcs (D)
  A hobgoblin (D)
  3 jackals (D)
  2 quokkas (D)
  A ball python (D)
  A bat (D)
16 creatures vanquished.

Notes
Turn   | Place    | Note
-------+----------+-------------------------------------------
     0 | D        | mhtbhm the Minotaur Fighter began the quest for the Orb.
     0 | D        | Reached XP level 1. HP: 19/19 MP: 0/0
    21 | D        | Found a bloodstained altar of Trog.
    21 | D        | Found a shimmering blue altar of Sif Muna.
    21 | D        | Found a viscous altar of Jiyva.
    21 | D        | Found a hazy altar of Hepliaklqana.
    21 | D        | Found an opulent altar of Gozag.
    22 | D        | Found a glowing golden altar of the Shining One.
    22 | D        | Found a glowing silver altar of Zin.
    22 | D        | Found a basalt altar of Yredelemnul.
    22 | D        | Found a shimmering altar of Xom.
    22 | D        | Found an ornate altar of the Wu Jian Council.
    22 | D        | Found a sacrificial altar of Ru.
    22 | D        | Found a stormy altar of Qazlal.
    22 | D        | Found an iron altar of Okawaru.
    22 | D        | Found a sparkling altar of Nemelex Xobeh.
    22 | D        | Found a burning altar of Makhleb.
    22 | D        | Found a blossoming altar of Fedhas.
    22 | D        | Found a white marble altar of Elyvilon.
    22 | D        | Found a shadowy altar of Dithmenos.
    22 | D        | Found a snail-covered altar of Cheibriados.
    24 | D        | Found a radiant altar of Vehumet.
    24 | D        | Found a corrupted altar of Lugonu.
    24 | D        | Found a roughly hewn altar of Beogh.
    26 | D        | Became a worshipper of Trog the Wrathful
    73 | D        | Reached * piety under Trog
   180 | D        | Noticed a sky beast
   183 | D        | Reached ** piety under Trog
   184 | D        | Reached XP level 2. HP: 28/28 MP: 1/1
   187 | D        | Reached skill level 5 in Shields
   194 | D        | Killed a sky beast
   194 | D        | Reached *** piety under Trog
   195 | D        | Reached skill level 1 in Dodging
   195 | D        | Reached XP level 3. HP: 26/38 MP: 2/2
   195 | D        | Reached XP level 4. HP: 31/45 MP: 3/3
   375 | D        | Noticed a warg
   378 | D        | Noticed a warg
   383 | D        | Noticed an orc warrior
   384 | D        | Reached skill level 5 in Axes
   384 | D        | Reached XP level 5. HP: 49/51 MP: 4/4
   384 | D        | Noticed Purgy
   385 | D        | Reached **** piety under Trog
   390 | D        | Killed an orc warrior
   391 | D        | Killed from afar by an orc priest

Illustrated notes

Levels and vault maps discovered:
D:        pitsprint [storerooms_1, entrance_room_1, metal_vault_5, armoury_3,
          mini_pit_1, grid_room_1, main_hall_1, silver_pit, the_coven_2,
          the_vestibule_1, steel_vault_1, golden_pit, hallway_of_sentries,
          crystal_vault_2, iron_vault_5, final_vault]

Skill      XL: |  1  2  3  4  5 |
---------------+----------------+-----
Fighting       | 4 6 7 |  7.9
Armour         | 4 6 7 8 |  8.4
Shields        | 4 7 8 |  8.8
Axes           | 3 4 5 6 |  6.7
Dodging        | 1 2 |  2.0

Action                   |  1- 3 |  4- 6 || total
-------------------------+-------+-------++-------
Melee: Hand axe          |    20 |    12 ||    32
       War axe           |     2 |       ||     2
       Headbutt          |     3 |     1 ||     4
Invok: Berserk           |     1 |     1 ||     2
Armor: Scale mail        |    11 |     2 ||    13
Dodge: Dodged            |     7 |     6 ||    13
Block: Kite shield       |    15 |     7 ||    22

Table legend: (Time is in decaauts)
 A = Elapsed time spent in this place.
 B = Non-inter-level travel time spent in this place.
 C = Inter-level travel time spent in this place.
 D = Time resting spent in this place.
 E = Time spent auto-exploring this place.
 F = Levels seen in this place.
 G = Mean time per level.
                   A        B        C        D        E       F      G
               +--------+--------+--------+--------+--------+-----+--------+
         Total |    406 |    406 |      0 |    100 |    143 |   1 |  406.0 |
       Dungeon |    406 |    406 |      0 |    100 |    143 |   1 |  406.0 |
               +--------+--------+--------+--------+--------+-----+--------+

Top non-repeatable levels by time:
       D: 406 daAuts
